 Dungeon Crawl Stone Soup version 0.28.0 (webtiles) character file.

Game seed: 8200189172629803990

4230 sanka the Arsonist (level 10, -9/56 HPs)
             Began as a Deep Elf Transmuter on Feb 8, 2022.
             Was a Believer of Vehumet.
             Killed from afar by an ice statue (31 damage)
             ... with a shard of ice
             ... on level 8 of the Dungeon.
             The game lasted 00:29:27 (13091 turns).

sanka the Arsonist (Deep Elf Transmuter)           Turns: 13091, Time: 00:29:28

Health: -9/56      AC: 11    Str:  7    XL:     10   Next: 9%
Magic:  0/23       EV: 20    Int: 23    God:    Vehumet [**....]
Gold:   81         SH:  0    Dex: 15    Spells: 16/24 levels left

rFire   + . .      SeeInvis .   a - +8 hunting sling of Salt {freeze, Fragile rElec rF+ Stlth+}
rCold   . . .      Faith    .   (no shield)
rNeg    . . .      Spirit   +   q - +0 steam dragon scales
rPois   .          Reflect  .   (no helmet)
rElec   +          Harm     .   x - +0 cloak
rCorr   .          Rampage  .   (no gloves)
Will    +....                   y - +0 pair of boots
Stlth   ++........              C - amulet of guardian spirit
HPRegen 0.18/turn               e - +4 ring of protection
MPRegen 0.18/turn               B - +4 ring of evasion

@: very slightly contaminated
A: no striking features
a: Renounce Religion


You were on level 8 of the Dungeon.
You worshipped Vehumet.
Vehumet was pleased with you.
You visited 1 branch of the dungeon, and saw 8 of its levels.

You collected 359 gold pieces.
You spent 278 gold pieces at shops.

Inventory:

Hand Weapons
 a - the +8 hunting sling of Salt (weapon) {freeze, Fragile rElec rF+ Stlth+}
   (You found it on level 6 of the Dungeon)

   Any ammunition fired from it freezes those it strikes, dealing additional
   cold damage.
   It can also slow down cold-blooded creatures.
   rF:        It protects you from fire.
   rElec:     It insulates you from electricity.
   Fragile:   It will be destroyed if unequipped.
   Stlth:     It makes you more stealthy.
 b - a +0 flail
 w - a +4 quarterstaff of chaos
 G - a +2 dagger of venom
 H - a +0 long sword of draining
Missiles
 F - 268 stones (quivered ammo)
 J - 2 throwing nets
Armour
 q - +0 steam dragon scales (worn)
 v - a +0 robe
 x - a +0 cloak (worn)
 y - a +0 pair of boots (worn)
 I - +0 acid dragon scales
Jewellery
 e - a +4 ring of protection (left hand)
 j - a +6 ring of dexterity
 l - a ring of fire
 n - a ring of resist corrosion
 B - a +4 ring of evasion (right hand)
 C - an amulet of guardian spirit (around neck)
 K - an amulet of reflection
Wands
 E - a wand of charming (11)
Scrolls
 d - 2 scrolls of magic mapping
 f - a scroll of enchant weapon
 i - 6 scrolls of teleportation
 m - a scroll of blinking
 o - 3 scrolls of noise
 s - 5 scrolls of enchant armour
 u - 2 scrolls of fear
 D - 2 scrolls of vulnerability
 L - a scroll of torment {unknown}
Potions
 c - 6 potions of curing
 g - 2 potions of flight {unknown}
 h - 2 potions of resistance {unknown}
 k - 2 potions of lignification {unknown}
 p - 2 potions of ambrosia {unknown}
 r - 3 potions of degeneration {unknown}
 t - 2 potions of haste {unknown}
 z - 2 potions of invisibility {unknown}
 A - 2 potions of might {unknown}
 M - a potion of magic {unknown}


   Skills:
 - Level 3.0 Fighting
 - Level 8.0 Dodging
 - Level 2.4 Unarmed Combat
 + Level 7.9 Spellcasting
 + Level 8.2 Conjurations
 - Level 4.0 Summonings
 - Level 2.1 Transmutations
 + Level 8.2 Fire Magic


You had 16 spell levels left.
You knew the following spells:

 Your Spells              Type           Power      Damage    Failure   Level
a - Beastly Appendage     Tmut           38%        N/A       2%          1
b - Magic Dart            Conj           100%       1d8       1%          1
c - Call Imp              Summ           27%        N/A       1%          2
d - Flame Wave            Conj/Fire      47%        2d10      2%          4

Your spell library contained the following spells:

 Spells                   Type           Power      Damage    Failure   Level
 Foxfire                  Conj/Fire      100%       2x1d9     1%          1
 Scorch                   Fire           94%        2d10      1%          2
 Wereblood                Tmut           19%        N/A       4%          2
 Ignite Poison            Fire/Tmut/Pois 25%        N/A       4%          3
 Mephitic Cloud           Conj/Pois/Air  21%        N/A       7%          3
 Spider Form              Tmut/Pois      14%        N/A       13%         3
 Tukima's Dance           Hex            9%         N/A       22%         3
 Ice Form                 Ice/Tmut       14%        N/A       41%         4
 Freezing Cloud           Conj/Ice/Air   10%        6-21      54%         5
 Passage of Golubria      Tloc           9%         N/A       56%         4
 Yara's Violent Unravell  Hex/Tmut       7%         3d5       77%         5
 Summon Cactus Giant      Summ           13%        N/A       91%         6


Dungeon Overview and Level Annotations

Branches:
Dungeon (8/15)             Temple (0/1) D:4
   Lair: D:8-11

Altars:
Elyvilon
Okawaru
Ru
Sif Muna
Trog
Vehumet
Xom
Yredelemnul
The Shining One

Shops:
D:3 ?   D:4 [   D:7 [((*   D:8 !

Annotations:
D:4 Edmund
D:7 Harold
D:8 exclusions: ice statue and orange crystal statue


Message History

You hear a sizzling sound! x2
The flame wave engulfs the ice statue.
The ice statue melts!
The ice statue is severely damaged.
You hear a sizzling sound!
The flame wave engulfs the ice beast!
The ice beast melts!
The ice beast is heavily wounded.
You hear a sizzling sound! x3
The flame wave engulfs the ice beast!
The ice beast melts!
The ice beast is heavily wounded.
You hear a sizzling sound! (Press . to intensify the flame waves.)
You are engulfed in freezing vapours.
The ice beast closely misses you. x2
The ice statue gestures at you. The shard of ice misses you.
The shard of ice hits the ice beast!
The ice beast partially resists.
A wave of flame ripples out!
The flame wave engulfs the ice statue!
The ice statue melts!
The ice statue is severely damaged.
The flame wave engulfs the ice beast!!
The ice beast melts!
You kill the ice beast!
The ice beast disappears in a puff of smoke!
The flame wave engulfs the ice beast.
The ice beast melts!
The ice beast is heavily wounded.
You hear a sizzling sound! x2
You are engulfed in freezing vapours.
The ice beast completely misses you. The ice statue gestures at you.
The shard of ice hits you!!
* * * LOW HITPOINT WARNING * * *
You are too injured to fight recklessly!
Unknown command.
Casting: Flame Wave (dangerous; 2% risk of failure)
Confirm with . or Enter, or press ? or * to list all spells.
You don't have enough magic to cast this spell.
You feel better. The ice beast barely misses you.
The ice statue gestures.
The ice beast misses you. The ice statue gestures at you.
The shard of ice hits you!!
Ouch! That really hurt!
You die...

.##..#.....##...##.........).....
.#...'....##..8.(#...............
.#...#....#.....##...............
###..#.........##................
..#..#>.......##(................
..+..#.......##...........#####'#
..#..#......##(...........#.....#
..####.....##...Y.#.......#.....#
...........#?.8.@##.......#.....#
...........##...##........#.....#
............##Y##.........#.....#
.............###..........#.....#
..............#...........#.....#
...........####...........#.....#
...........#..'...........#.....#
...........#..#...........#.....#
...........####)..........#.....#


You could see an ice statue and 2 ice beasts.

Vanquished Creatures
  Prince Ribbit (D:5)
  A wyvern (D:7)
  5 yaks (D:8)
  2 steam dragons (D:7)
  Menkaure (D:7)
  2 water moccasins
  An orc warrior (D:7)
  A sky beast (D:6)
  An ice beast (D:6)
  2 necrophages (D:6)
  2 ogres
  A centaur (D:8)
  A scorpion (D:5)
  10 killer bees (D:8)
  3 centaur zombies
  6 hounds
  A jelly (D:5)
  Crazy Yiuf (D:4)
  4 orc priests
  2 centaur skeletons
  4 iguanas
  7 orc wizards
  5 adders
  4 gnolls
  A shadow imp (D:7)
  A white imp (D:6)
  5 ufetubi
  2 dart slugs
  16 orcs
  5 endoplasms
  4 giant cockroaches
  10 goblins
  10 hobgoblins
  5 jackals (D:1)
  6 kobolds
  3 quokkas
  5 ball pythons
  7 bats
  A frilled lizard (D:2)
  6 rats
155 creatures vanquished.

Vanquished Creatures (collateral kills)
  Maggie (D:6)
  An orc priest (D:6)
  2 iguanas
  Terence (D:3)
  A goblin (D:4)
  2 hobgoblins
8 creatures vanquished.

Vanquished Creatures (others)
  A butterfly (D:4)
1 creature vanquished.

Grand Total: 164 creatures vanquished

Notes
Turn   | Place    | Note
-------+----------+-------------------------------------------
     0 | D:1      | sanka the Deep Elf Transmuter began the quest for the Orb.
     0 | D:1      | Reached XP level 1. HP: 11/11 MP: 6/6
   292 | D:1      | Learned a level 1 spell: Magic Dart
   421 | D:1      | Reached XP level 2. HP: 12/16 MP: 7/9
   722 | D:1      | Reached skill level 1 in Conjurations
   805 | D:1      | Learned a level 2 spell: Call Imp
  1180 | D:1      | Reached XP level 3. HP: 20/20 MP: 2/10
  1874 | D:2      | Reached XP level 4. HP: 22/24 MP: 6/12
  2041 | D:2      | Found a sacrificial altar of Ru.
  2547 | D:3      | Found Noeca's Magic Scroll Boutique.
  2585 | D:3      | Bought a scroll of blinking for 97 gold pieces
  2593 | D:3      | Noticed Terence
  2729 | D:3      | Killed Terence
  2813 | D:3      | Found a shimmering altar of Xom.
  2852 | D:3      | Found a faded altar of an unknown god.
  3729 | D:3      | Found an iron altar of Okawaru.
  3760 | D:3      | Found a shimmering blue altar of Sif Muna.
  4140 | D:3      | Found Noeca's Magic Scroll Boutique.
  4220 | D:3      | Reached XP level 5. HP: 16/28 MP: 4/13
  4383 | D:3      | Found a faded altar of an unknown god.
  4582 | D:3      | Found a shimmering altar of Xom.
  4765 | D:3      | Found an iron altar of Okawaru.
  4773 | D:3      | Found a shimmering blue altar of Sif Muna.
  4857 | D:4      | Found a white marble altar of Elyvilon.
  5104 | D:4      | Noticed Edmund
  5140 | D:3      | HP: 1/28 [iguana (8)]
  5391 | D:4      | Reached skill level 5 in Spellcasting
  5439 | D:4      | Found a radiant altar of Vehumet.
  5457 | D:4      | Became a worshipper of Vehumet
  5469 | D:4      | Found Luenuyj's Antique Armour Shop.
  6006 | D:4      | Found a staircase to the Ecumenical Temple.
  6066 | D:4      | Found a runed translucent door.
  6067 | D:4      | Noticed Crazy Yiuf
  6100 | D:4      | Killed Crazy Yiuf
  6101 | D:4      | Reached XP level 6. HP: 18/33 MP: 10/16
  6307 | D:4      | Bought a pair of boots for 103 gold pieces
  6544 | D:5      | Entered Level 5 of the Dungeon
  6913 | D:5      | Noticed Prince Ribbit
  6944 | D:5      | Killed Prince Ribbit
  6945 | D:5      | Reached skill level 5 in Conjurations
  6945 | D:5      | Reached XP level 7. HP: 37/37 MP: 6/18
  7190 | D:5      | Reached skill level 1 in Fighting
  8039 | D:5      | Reached * piety under Vehumet
  8039 | D:5      | Offered knowledge of Sandblast by Vehumet.
  8334 | D:6      | Reached XP level 8. HP: 45/45 MP: 11/19
  8392 | D:6      | Reached skill level 5 in Dodging
  8969 | D:6      | Found a glowing golden altar of the Shining One.
  9238 | D:6      | Found a bloodstained altar of Trog.
  9238 | D:6      | Found a basalt altar of Yredelemnul.
  9460 | D:6      | Identified the +8 hunting sling of Salt {freeze, Fragile
                  | rElec rF+ Stlth+}
 10058 | D:6      | Learned a level 4 spell: Flame Wave
 10160 | D:7      | Reached skill level 1 in Fire Magic
 10241 | D:7      | Noticed Harold
 10251 | D:7      | Noticed Maggie
 10418 | D:6      | Reached XP level 9. HP: 45/50 MP: 15/20
 10469 | D:6      | Killed Maggie
 10470 | D:6      | Reached skill level 5 in Fire Magic
 10973 | D:7      | Noticed Menkaure
 10977 | D:7      | Killed Menkaure
 11299 | D:3      | Bought a scroll of teleportation for 39 gold pieces
 11299 | D:3      | Bought a scroll of identify for 26 gold pieces
 11299 | D:3      | Bought a scroll of noise for 13 gold pieces
 11499 | D:7      | Found Vuoch's Armour Boutique.
 11504 | D:7      | Found Magaziop's Weapon Boutique.
 11504 | D:7      | Found Soppoe's General Store.
 11510 | D:7      | Found Naugg's Antique Weapon Boutique.
 11796 | D:8      | Found Koem's Distillery.
 12010 | D:8      | Noticed an orange crystal statue
 12393 | D:8      | Reached ** piety under Vehumet
 12394 | D:8      | Offered knowledge of Foxfire by Vehumet.
 12636 | D:8      | Reached XP level 10. HP: 51/56 MP: 14/23
 12868 | D:8      | Noticed an ice statue
 13091 | D:8      | Killed from afar by an ice statue

Illustrated notes

Levels and vault maps discovered:
D:1:      dpeg_arrival_signposts, layout_basic
D:2:      layout_rooms, basic_altar
D:3:      layout_basic, lemuel_coloured_pillars_altar,
          mainiacjoe_overflow_large_starburst,
          shapermc_ecumenical_altar_acropolis, serial_shops, shop,
          dk_vineyard_1, uniq_terence
D:4:      cheibrodos_greedy_goblins, layout_basic,
          nicolae_elyvilon_peaceful_grove, vehumet_crystals,
          minmay_temple_entry_fiery, serial_shops, kennysheep_mini_moat,
          uniq_crazy_yiuf_cottage, uniq_edmund
D:5:      layout_loops_ring, cheibrodos_gnoll_hut, uniq_prince_ribbit1
D:6:      layout_loops_ring, gammafunk_temple_overflow_pools,
          nicolae_tso_carved_into_rock, minmay_misc_feat_alley,
          minmay_misc_feat_pillars
D:7:      layout_cave_pools, minmay_shop_grid_forest, uniq_maggie,
          uniq_menkaure, uniq_harold
D:8:      minmay_separated_statues, layout_gridville, serial_shops, shop

Skill      XL: |  1  2  3  4  5  6  7  8  9 |
---------------+----------------------------+-----
Spellcasting   | 4 5 6 7 |  7.9
Conjurations   | 2 3 5 6 7 8 |  8.2
Summonings     | 2 4 |  4.0
Fighting       | 2 3 |  3.0
Dodging        | 4 8 |  8.0
Fire Magic     | 3 8 |  8.2
Unarmed Combat | |  2.4
Transmutations | |  2.1

Action                   |  1- 3 |  4- 6 |  7- 9 | 10-12 || total
-------------------------+-------+-------+-------+-------++-------
Melee: Unarmed           |    31 |     1 |       |       ||    32
       Kick              |     8 |       |       |       ||     8
       Headbutt          |     4 |       |       |       ||     4
       Punch             |     1 |       |     2 |       ||     3
       Dagger            |       |     6 |    21 |       ||    27
       Flail             |       |     2 |     7 |       ||     9
       Quarterstaff      |       |     5 |       |       ||     5
 Fire: Hunting sling     |       |       |   131 |    20 ||   151
 Cast: Beastly Appendage |    10 |       |       |       ||    10
       Magic Dart        |    68 |   144 |   178 |       ||   390
       Call Imp          |     1 |    31 |    14 |       ||    46
       Flame Wave        |       |       |     8 |     5 ||    13
  Use: Potion            |       |     1 |       |     1 ||     2
       Scroll            |       |       |     5 |       ||     5
 Stab: Distracted        |       |       |     1 |       ||     1
Armor: Robe              |     5 |    24 |    41 |       ||    70
       Steam dragon scal |       |       |     9 |       ||     9
       Acid dragon scale |       |       |     6 |       ||     6
Dodge: Dodged            |    33 |    43 |   176 |    15 ||   267
